 Dungeon Crawl Stone Soup version 0.31-a0-1522-g43313d8a59 (webtiles) character file.

Game seed: 13474814435107008178

78 dialectric the Covered (level 4, 0/41 HPs)
             Began as a Minotaur Fighter on Dec 30, 2023.
             Succumbed to Crazy Yiuf's poison
             ... on level 2 of the Dungeon.
             The game lasted 00:01:27 (1625 turns).

dialectric the Covered (Minotaur Fighter)           Turns: 1625, Time: 00:01:27

Health: 0/41       AC: 10    Str: 20    XL:     4   Next: 15%
Magic:  3/3        EV: 10    Int:  5    God:
Gold:   102        SH:  0    Dex: 12    Spells: 3/3 levels left

rFire   . . .        a - +0 flail
rCold   . . .        (no shield)
rNeg    . . .        b - +0 scale mail
rPois   .            (helmet restricted)
rElec   .            (no cloak)
rCorr   .            e - +2 pair of gloves
SInv    .            (no boots)
Will    .....        (no amulet) Stlth
                     (no ring)
HPRegen 0.26/turn    (no ring)
MPRegen 0.08/turn

%: no passive effects
@: lethally poisoned (0 -> -14)
A: horns 2, retaliatory headbutt
a: no special abilities


You were on level 2 of the Dungeon.
You visited 1 branch of the dungeon, and saw 2 of its levels.

You collected 135 gold pieces.
You spent 33 gold pieces at shops.

Inventory:

Hand Weapons
 a - a +0 flail (weapon)
Missiles
 d - 3 curare-tipped darts
Armour
 b - a +0 scale mail (worn)
 c - a +0 buckler
 e - a +2 pair of gloves (worn)
Jewellery
 i - a ring of positive energy
Wands
 r - a wand of roots (9)
Scrolls
 f - 2 scrolls of identify {unknown}
 h - a scroll of enchant weapon {unknown}
 k - a scroll of immolation {unknown}
 p - a scroll of poison {unknown}
 q - a scroll of teleportation
Potions
 g - 2 potions of mutation {unknown}
 j - 2 potions of enlightenment {unknown}
 l - a potion of might
 m - a potion of heal wounds {unknown}
 n - a potion of curing {unknown}
 o - a potion of degeneration {unknown}


   Skills:
 + Level 4.3 Fighting
 + Level 3.4 Maces & Flails
 + Level 4.3 Armour
 + Level 1.7 Dodging
 - Level 3.6 Shields


You had 3 spell levels left.
You didn't know any spells.
Your spell library contained the following spells:

 Spells                   Type           Power      Damage    Failure   Level
 Passage of Golubria      Tloc           0%         N/A       100%        4
 Silence                  Hex/Air        0%         N/A       100%        5
 Lehudib's Crystal Spear  Conj/Erth      0%         10d2      100%        8


Dungeon Overview and Level Annotations

Branches:
Dungeon (2/15)

Altars:
Cheibriados

Shops:
D:1 *   D:2 ?

Annotations:
D:2 Crazy Yiuf


Innate Abilities, Weirdness & Mutations

You have a pair of horns on your head.
You reflexively headbutt those who attack you in melee.


Message History

You pick up a book of the Moon and begin reading...
You add the spells Passage of Golubria, Silence and Lehudib's Crystal Spear to your library.
No target in view!
You open the door.
There is an open door here.
You now have 102 gold pieces (gained 10).
There is an open door here.
There is an open door here.
There is an open door here.
Found a dagger.
No target in view!
There is an open door here.
As you open the door, it creaks loudly!
There is an open door here.
You see here 4 stones.
There is an open door here.
You see here a +0 hammer.
Found three hammers.
Found a runed translucent door.
No target in view!
No target in view!
No target in view!
Crazy Yiuf shouts!
Crazy Yiuf says, "Crazy?
Crazy!?
PORCUPINE!"
You see here a +0 hammer.
Found two hammers.
You open the door. You barely miss Crazy Yiuf. You headbutt Crazy Yiuf!
Crazy Yiuf is heavily wounded.
Crazy Yiuf hits you with a +2 quarterstaff of chaos!
You are poisoned.
You barely miss Crazy Yiuf.
Crazy Yiuf is heavily wounded.
You feel very sick.
Crazy Yiuf hits you with a +2 quarterstaff of chaos!
You are electrocuted!
* * * LOW HITPOINT WARNING * * *
You are too injured to fight recklessly!
You barely miss Crazy Yiuf. You headbutt Crazy Yiuf.
Crazy Yiuf is severely wounded.
You die...

# #. .#
#....####.##########
#. .# #....#
#......##### #. .#
♣....♣ ##..........
#. ♣...♣♣
#........... ♣♣)♣♣
#..###...... ♣.♣♣
#..#........ ♣♣.♣
#..#........ ♣)♣♣
#..#........ ♣♣@♣
#..###.).... #g#
#..##....... )).
#..##....### #)..#
#..##....# #..)#
#..##....# #####
#..##....###
##..#....#..
##.#....#..
####'######..


You could see Crazy Yiuf.

Vanquished Creatures
  Jessica (D:2)
  A gnoll (D:1)
  3 endoplasms
  4 giant cockroaches
  A goblin (D:1)
  4 hobgoblins
  7 jackals (D:1)
  5 kobolds
  A quokka (D:1)
  2 ball pythons
  4 bats
  3 frilled lizards (D:1)
  2 rats
38 creatures vanquished.

Notes
Turn   | Place    | Note
-------+----------+-------------------------------------------
     0 | D:1      | dialectric the Minotaur Fighter began the quest for the
                  | Orb.
     0 | D:1      | Reached XP level 1. HP: 19/19 MP: 0/0
    97 | D:1      | Reached XP level 2. HP: 6/27 MP: 1/1
   267 | D:1      | Reached skill level 1 in Dodging
   333 | D:1      | Reached XP level 3. HP: 33/33 MP: 2/2
   776 | D:1      | Found a faded altar of an unknown god.
   821 | D:1      | Found Mykoss's General Store.
  1178 | D:2      | Found a snail-covered altar of Cheibriados.
  1280 | D:2      | Found Izipap's Magic Scroll Shoppe.
  1283 | D:2      | Bought a scroll of teleportation for 33 gold pieces
  1289 | D:2      | Noticed Jessica
  1292 | D:2      | Killed Jessica
  1293 | D:2      | Reached XP level 4. HP: 41/41 MP: 3/3
  1618 | D:2      | Found a runed translucent door.
  1619 | D:2      | Noticed Crazy Yiuf
  1625 | D:2      | Succumbed to Crazy Yiuf's poison

Illustrated notes

Levels and vault maps discovered:
D:1:      dpeg_arrival_brainrot, layout_basic,
          ebering_ecumenical_altar_abandoned, serial_shops,
          nicolae_shop_rolling_square, minmay_misc_feat_tower,
          hangedman_decor_slide_cut
D:2:      layout_basic, serial_shops, nicolae_shop_real_fake_doors, basic_altar,
          uniq_crazy_yiuf_cottage, uniq_jessica

Skill      XL: |  1  2 |
---------------+-------+-----
Dodging        | 1 |  1.7
Fighting       | 4 |  4.3
Armour         | 4 |  4.3
Maces & Flails | 3 |  3.4
Shields        | |  3.6

Action                     |  1- 3 |  4- 6 || total
---------------------------+-------+-------++-------
  Melee: Flail             |    61 |     8 ||    69
         Headbutt          |    12 |     2 ||    14
    Use: Potion            |     1 |       ||     1
 Armour: Scale mail        |    54 |     2 ||    56
  Dodge: Dodged            |    44 |     2 ||    46

Table legend: (Time is in decaauts)
 A = Elapsed time spent in this place.
 B = Non-inter-level travel time spent in this place.
 C = Inter-level travel time spent in this place.
 D = Time resting spent in this place.
 E = Time spent auto-exploring this place.
 F = Levels seen in this place.
 G = Mean time per level.
                   A        B        C        D        E       F      G
               +--------+--------+--------+--------+--------+-----+--------+
         Total |   1642 |   1601 |     41 |      0 |   1316 |   2 |  821.0 |
       Dungeon |   1642 |   1601 |     41 |      0 |   1316 |   2 |  821.0 |
               +--------+--------+--------+--------+--------+-----+--------+

Top non-repeatable levels by time:
     D:1: 1006 daAuts
     D:2: 635 daAuts
